 Dungeon Crawl Stone Soup version 0.31-a0-532-g28f74ba3e5 (webtiles) character file.

Game seed: 18367899244723265880

287 cforsyth the Charlatan (level 6, 0/47 HPs)
             Began as a Gnoll Artificer on Aug 13, 2023.
             Killed by divine providence
             ... invoked by an orc priest
              (10 damage)
             ... on level 4 of the Dungeon.
             The game lasted 00:06:15 (4353 turns).

cforsyth the Charlatan (Gnoll Artificer)            Turns: 4353, Time: 00:06:16

Health: 0/47       AC:  7    Str: 11    XL:     6   Next: 30%
Magic:  8/8        EV: 12    Int: 12    God:
Gold:   156        SH:  0    Dex: 13    Spells: 8/8 levels left

rFire   . . .        a - +0 club
rCold   . . .        (no shield)
rNeg    . . .        b - +0 leather armour
rPois   .            (no helmet)
rElec   .            (no cloak)
rCorr   .            c - +0 pair of gloves
SInv    .            f - +1 pair of boots
Will    .....        (no amulet)
Stlth   ++           (no ring)
HPRegen 0.27/turn    (no ring)
MPRegen 0.11/turn

%: no passive effects
@: no status effects
A: fangs 1, strong nose, distributed training
a: no special abilities


You were on level 4 of the Dungeon.
You visited 1 branch of the dungeon, and saw 4 of its levels.

You collected 156 gold pieces.

Inventory:

Hand Weapons
 a - a +0 club (weapon)
Missiles
 m - a throwing net
Armour
 b - a +0 leather armour (worn)
 c - a +0 pair of gloves (worn)
 f - a +1 pair of boots (worn)
Jewellery
 o - a ring of wizardry
Wands
 d - a wand of charming (10)
 e - a wand of iceblast (2)
Scrolls
 g - 3 scrolls of identify {unknown}
 i - 2 scrolls of blinking {unknown}
 l - 4 scrolls of teleportation {unknown}
 r - 3 scrolls of poison {unknown}
Potions
 h - a potion of haste {unknown}
 j - 3 potions of curing
 k - a potion of heal wounds {unknown}
 q - 2 potions of degeneration {unknown}
 s - 2 potions of might {unknown}
 t - a potion of mutation {unknown}
 u - a potion of lignification {unknown}


   Skills:
 + Level 3.2 Fighting
 + Level 1.9 Short Blades
 + Level 1.9 Long Blades
 + Level 1.9 Axes
 + Level 1.9 Maces & Flails
 + Level 1.9 Polearms
 + Level 1.9 Staves
 + Level 1.9 Ranged Weapons
 + Level 1.9 Throwing
 + Level 5.0 Armour
 + Level 3.2 Dodging
 + Level 3.0 Stealth
 + Level 1.9 Shields
 + Level 1.9 Unarmed Combat
 + Level 1.9 Spellcasting
 + Level 1.5 Conjurations
 + Level 1.5 Hexes
 + Level 1.5 Summonings
 + Level 1.5 Necromancy
 + Level 1.5 Translocations
 + Level 1.5 Transmutations
 + Level 1.5 Fire Magic
 + Level 1.5 Ice Magic
 + Level 1.5 Air Magic
 + Level 1.5 Earth Magic
 + Level 1.5 Poison Magic
 + Level 2.1 Invocations
 + Level 6.8 Evocations
 + Level 1.5 Shapeshifting


You had 8 spell levels left.
You didn't know any spells.
Your spell library contained the following spells:

 Spells                   Type           Power      Damage    Failure   Level
 Inner Flame              Hex/Fire       4%         N/A       50%         3
 Yara's Violent Unravell  Hex/Tmut       2%         3d3       99%         5
 Enfeeble                 Hex            2%         N/A       100%        7


Dungeon Overview and Level Annotations

Branches:
Dungeon (4/15)
 Temple: D:4-7

Altars:
Ashenzari
Hepliaklqana
Xom
Yredelemnul
Zin

Shops:
D:2 :


Innate Abilities, Weirdness & Mutations

You have very sharp teeth.
Your uncanny sense of smell can sniff out nearby items.
Your experience applies equally to all skills.


Message History

The endoplasm freezes you.
You are frozen.
* * * LOW HITPOINT WARNING * * *
The jackal closely misses you.
A jackal comes into view.
It was a potion of curing.
You feel better. The jackal barely misses you.
The orc priest closely misses you. The endoplasm freezes you.
You are frozen.
* * * LOW HITPOINT WARNING * * *
The orc hits you but does no damage.
Okay, then.
Unknown command.
As you read the scroll labelled YNUODD RASI, it crumbles to dust.
You feel aware of your surroundings.
It was a scroll of revelation.
An orc comes into view. It is wielding a +0 short sword.
The jackal bites you but does no damage.
The orc priest hits you with a +0 hand axe.
* * * LOW HITPOINT WARNING * * *
The orc barely misses you.
The endoplasm hits you but does no damage.
As you read the scroll labelled CIYHAG FIT, it crumbles to dust.
Wisps of shadow whirl around you...
It was a scroll of summoning.
The orc priest hits you but does no damage.
The endoplasm barely misses you. The orc hits you but does no damage.
You swap places.
The jackal bites you but does no damage.
The orc priest completely misses your adder.
The orc hits you but does no damage. The endoplasm barely misses your adder.
Your adder bites the orc.
The orc is poisoned.
Your adder poisons the orc!
The jackal closely misses you.
Your phantom hits the jackal but does no damage.
Your sleepcap releases spores at the jackal.
Your ogre hits the endoplasm with a +0 giant club!!
The endoplasm dies!
You swap places.
The jackal barely misses your phantom.
Your adder barely misses the orc.
The orc priest invokes the aid of Beogh against you.
Beogh smites you!
You die...

****,,,,...........#.# #...#
***,**,..##.##.##...### #...#
*,,,*,................# #...#
*,****................# #...#
*,****...)......#..#..######.>.#
*,**,,.............#....).......
*,**+*..........................
*,**,*#....O.hhW..##............
*****,,##....hoh@......######.s.#
,,,,,,,.##..ooSf.....<## #...#
,<,,,8,....######.##### #...#
,,,,,,,.#########.#### #...#
*****,,##o...####.#### #...#
*,,,*,*#.....####.#### *,,,*
*,,,*,*#..........#### *,^,,
****,,,......######### *****,,**
*,**......######### *,,,,,,**


You could see 2 orc priests, an orc (very poisoned, ally target), 4 jackals, a
friendly ogre (summoned), a friendly phantom (summoned), a friendly sleepcap
(summoned) and a friendly adder (summoned).

Vanquished Creatures
  A phantom (D:2)
  8 gnolls
  4 adders (D:2)
  An adder zombie (D:2)
  An adder skeleton (D:2)
  3 worms
  4 dart slugs
  An orc (D:3)
  A bat skeleton (D:2)
  A bat zombie (D:2)
  5 endoplasms
  A giant cockroach (D:1)
  6 goblins
  6 hobgoblins
  2 jackals (D:2)
  7 kobolds
  3 quokkas
  3 ball pythons
  A ball python skeleton (D:2)
  A ball python zombie (D:2)
  4 bats
  2 frilled lizards
  A giant cockroach zombie (D:2)
  3 rats
70 creatures vanquished.

Vanquished Creatures (collateral kills)
  A gnoll (D:2)
  An adder skeleton (D:2)
  An endoplasm (D:4)
  A quokka zombie (D:2)
4 creatures vanquished.

Vanquished Creatures (others)
  A gnoll (D:2)
1 creature vanquished.

Grand Total: 75 creatures vanquished

Notes
Turn   | Place    | Note
-------+----------+-------------------------------------------
     0 | D:1      | cforsyth the Gnoll Artificer began the quest for the Orb.
     0 | D:1      | Reached XP level 1. HP: 17/17 MP: 1/1
   314 | D:1      | Reached XP level 2. HP: 23/23 MP: 2/2
   446 | D:1      | You fall into a shaft and drop 1 floor!
   509 | D:2      | Noticed a phantom
   525 | D:2      | Killed a phantom
   526 | D:2      | Reached skill level 1 in Short Blades
   526 | D:2      | Reached skill level 1 in Long Blades
   526 | D:2      | Reached skill level 1 in Axes
   526 | D:2      | Reached skill level 1 in Maces & Flails
   526 | D:2      | Reached skill level 1 in Polearms
   526 | D:2      | Reached skill level 1 in Staves
   526 | D:2      | Reached skill level 1 in Ranged Weapons
   526 | D:2      | Reached skill level 1 in Throwing
   526 | D:2      | Reached skill level 1 in Shields
   526 | D:2      | Reached skill level 1 in Unarmed Combat
   526 | D:2      | Reached skill level 1 in Spellcasting
   526 | D:2      | Reached skill level 1 in Conjurations
   526 | D:2      | Reached skill level 1 in Hexes
   526 | D:2      | Reached skill level 1 in Summonings
   526 | D:2      | Reached skill level 1 in Necromancy
   526 | D:2      | Reached skill level 1 in Translocations
   526 | D:2      | Reached skill level 1 in Transmutations
   526 | D:2      | Reached skill level 1 in Fire Magic
   526 | D:2      | Reached skill level 1 in Ice Magic
   526 | D:2      | Reached skill level 1 in Air Magic
   526 | D:2      | Reached skill level 1 in Earth Magic
   526 | D:2      | Reached skill level 1 in Poison Magic
   526 | D:2      | Reached skill level 1 in Invocations
   526 | D:2      | Reached skill level 1 in Shapeshifting
   526 | D:2      | Reached XP level 3. HP: 15/28 MP: 2/4
   526 | D:2      | Reached XP level 4. HP: 18/34 MP: 2/5
  1306 | D:2      | Reached XP level 5. HP: 40/40 MP: 5/7
  2100 | D:2      | Found a basalt altar of Yredelemnul.
  2178 | D:2      | Found Ukkycuu's Book Boutique.
  2820 | D:3      | Reached XP level 6. HP: 47/47 MP: 8/8
  3385 | D:3      | Reached skill level 5 in Armour
  3464 | D:3      | Identified the +3 chain mail of Impatience {Str+10}
  3582 | D:3      | Found a glowing silver altar of Zin.
  3583 | D:3      | Found a broken altar of Ashenzari.
  3585 | D:3      | Found a hazy altar of Hepliaklqana.
  3585 | D:3      | Found a shimmering altar of Xom.
  4353 | D:4      | Killed from afar by an orc priest

Illustrated notes

Levels and vault maps discovered:
D:1:      erik_arrival_triangle_small, layout_basic, serial_bayou,
          serial_bayou_lagoon_a, serial_bayou_ford_a, serial_bayou_shore_b,
          serial_bayou_pond_a, hex_large
D:2:      layout_rooms, basic_altar, serial_undead, serial_undead_b,
          serial_undead_c, serial_undead_e, serial_undead_c, serial_undead_d,
          serial_undead_a, serial_undead_d, serial_undead_b, serial_shops, shop,
          minmay_randomly_rotated_circles
D:3:      cheibrodos_helix_gallery, layout_loops_ring,
          chequers_temple_overflow_statue_of_worship
D:4:      layout_loops_cross, grunt_ministairs_14

Skill      XL: |  1  2  3  4  5  6 |
---------------+-------------------+-----
Short Blades   | 1 |  1.9
Long Blades    | 1 |  1.9
Axes           | 1 |  1.9
Maces & Flails | 1 |  1.9
Polearms       | 1 |  1.9
Staves         | 1 |  1.9
Ranged Weapons | 1 |  1.9
Throwing       | 1 |  1.9
Shields        | 1 |  1.9
Unarmed Combat | 1 |  1.9
Spellcasting   | 1 |  1.9
Conjurations   | 1 |  1.5
Hexes          | 1 |  1.5
Summonings     | 1 |  1.5
Necromancy     | 1 |  1.5
Translocations | 1 |  1.5
Transmutations | 1 |  1.5
Fire Magic     | 1 |  1.5
Ice Magic      | 1 |  1.5
Air Magic      | 1 |  1.5
Earth Magic    | 1 |  1.5
Poison Magic   | 1 |  1.5
Invocations    | 1 2 |  2.1
Shapeshifting  | 1 |  1.5
Fighting       | 3 |  3.2
Dodging        | 3 |  3.2
Stealth        | 3 |  3.0
Armour         | 5 |  5.0
Evocations     | |  6.8

Action                     |  1- 3 |  4- 6 || total
---------------------------+-------+-------++-------
  Melee: Club              |    74 |   378 ||   452
         Bite              |    10 |    47 ||    57
         Punch             |       |     5 ||     5
  Evoke: Wand              |     7 |    16 ||    23
    Use: Scroll            |       |     2 ||     2
         Potion            |       |     1 ||     1
   Stab: Sleeping          |     1 |     6 ||     7
 Armour: Leather armour    |    34 |   193 ||   227
  Dodge: Dodged            |    55 |   386 ||   441

Table legend: (Time is in decaauts)
 A = Elapsed time spent in this place.
 B = Non-inter-level travel time spent in this place.
 C = Inter-level travel time spent in this place.
 D = Time resting spent in this place.
 E = Time spent auto-exploring this place.
 F = Levels seen in this place.
 G = Mean time per level.
                   A        B        C        D        E       F      G
               +--------+--------+--------+--------+--------+-----+--------+
         Total |   4486 |   4365 |    121 |    744 |   2550 |   4 | 1121.5 |
       Dungeon |   4486 |   4365 |    121 |    744 |   2550 |   4 | 1121.5 |
               +--------+--------+--------+--------+--------+-----+--------+

Top non-repeatable levels by time:
     D:2: 1656 daAuts
     D:1: 1471 daAuts
     D:3: 944 daAuts
     D:4: 414 daAuts
